 Dungeon Crawl Stone Soup version 0.29.1-13-g9f3cf754e1 (webtiles) character file.

Game seed: 1210210174587123802

277 hbarley the Chopper (level 6, -4/56 HPs)
             Began as a Hill Orc Fighter on Jan 30, 2023.
             Was an Initiate of the Shining One.
             Killed from afar by a steam dragon (11 damage)
             ... with a ball of steam
             ... on level 4 of the Dungeon.
             The game lasted 00:08:41 (2420 turns).

hbarley the Chopper (Hill Orc Fighter)              Turns: 2420, Time: 00:08:42

Health: -4/56      AC:  8    Str: 19    XL:     6   Next: 25%
Magic:  6/6        EV:  9    Int:  8    God:    the Shining One [......]
Gold:   186        SH:  5    Dex: 12    Spells: 5/5 levels left

rFire   . . .      SeeInvis .   a - +0 war axe
rCold   . . .      Faith    .   c - +0 buckler
rNeg    . . .      Spirit   .   b - +0 scale mail
rPois   .          Reflect  .   (no helmet)
rElec   .          Harm     .   (no cloak)
rCorr   .          Rampage  .   (no gloves)
Will    .....                   k - +0 pair of boots
Stlth   ..........              o - amulet of regeneration
HPRegen 0.98/turn               (no ring)
MPRegen 0.10/turn               (no ring)

@: glowing, studying Dodging
A: no striking features
a: Renounce Religion


You were on level 4 of the Dungeon.
You worshipped the Shining One.
The Shining One was noncommittal.
You visited 1 branch of the dungeon, and saw 4 of its levels.

You collected 186 gold pieces.

Inventory:

Hand Weapons
 a - a +0 war axe (weapon)
 p - the +3 woodcutter's axe {vorpal}
   (You found it on level 4 of the Dungeon)

   It inflicts extra damage upon your enemies.
Armour
 b - a +0 scale mail (worn)
 c - a +0 buckler (worn)
 k - a +0 pair of boots (worn)
Magical Staves
 g - a staff of cold
Jewellery
 o - an amulet of regeneration (around neck)
Scrolls
 f - 4 scrolls of teleportation {unknown}
 h - 2 scrolls of butterflies {unknown}
 i - 3 scrolls of identify {unknown}
 j - a scroll of amnesia {unknown}
 r - a scroll of magic mapping {unknown}
 s - a scroll of torment {unknown}
 t - a scroll of silence {unknown}
Potions
 d - a potion of might
 e - 2 potions of haste {unknown}
 l - a potion of resistance {unknown}
 m - 2 potions of heal wounds {unknown}
 n - 2 potions of curing {unknown}
 q - a potion of degeneration {unknown}


   Skills:
 + Level 5.0 Fighting
 + Level 5.5 Axes
 + Level 4.5 Armour
 + Level 0.7 Dodging
 + Level 0.3 Stealth
 + Level 3.9 Shields


You had 5 spell levels left.
You didn't know any spells.
Your spell library contained the following spells:

 Spells                   Type           Power      Damage    Failure   Level
 Necrotise                Necr           0%         1d4       85%         1
 Vampiric Draining        Necr           0%         2d6       99%         3
 Agony                    Necr           0%         N/A       100%        5


Dungeon Overview and Level Annotations

Branches:
Dungeon (4/15)
 Temple: D:4-7

Altars:
Fedhas
Makhleb
Vehumet
Yredelemnul
The Shining One

Shops:
D:3 (?   D:4 (


Message History

You block the steam dragon's attack.
The steam dragon claws you but does no damage.
The steam dragon bites you but does no damage.
The steam dragon claws you but does no damage.
You completely miss the steam dragon.
The steam dragon is moderately wounded.
The steam dragon bites you but does no damage.
The steam dragon claws you but does no damage.
You closely miss the steam dragon.
The steam dragon is moderately wounded.
The steam dragon bites you! The steam dragon barely misses you.
You hit the steam dragon.
The steam dragon is moderately wounded.
The steam dragon breathes steam at you. The ball of steam misses you.
You hit the steam dragon.
The steam dragon is heavily wounded.
You are engulfed in a cloud of scalding steam.
The steam dragon barely misses you. The steam dragon claws you.
You hit the steam dragon.
The steam dragon is severely wounded.
You are engulfed in a cloud of scalding steam.
The steam dragon bites you.
The steam dragon claws you but does no damage.
The steam dragon breathes steam at you. The ball of steam misses you.
The steam dragon barely misses you. The steam dragon claws you.
The steam dragon breathes steam at you. The ball of steam hits you!
* * * LOW HITPOINT WARNING * * *
The steam dragon completely misses you. The steam dragon claws you.
* * * LOW HITPOINT WARNING * * *
You hit the steam dragon.
The steam dragon is severely wounded.
You block the steam dragon's attack. The steam dragon completely misses you.
You slash the steam dragon!
The steam dragon is almost dead.
The steam dragon breathes steam at you. The ball of steam hits you!
You die...

#....#..##.#
+..
#....#.....##
#..
#.#.#.#.#...#
#..
#...##.##....#
+## #
###...###..#
##.##..§.#
#.#.#...#
#.#....##
#.#..D@#
#.#..§.#
#.##(§.#
#.###§..#
..#.# .###.# .
.# # .#


You could see a steam dragon (catching breath).

Vanquished Creatures
  A black bear (D:4)
  2 iguanas (D:4)
  An orc wizard (D:3)
  An adder (D:3)
  3 gnolls (D:2)
  An ufetubus (D:4)
  2 worms (D:2)
  5 dart slugs
  4 orcs
  3 bats
  4 endoplasms
  3 goblins
  6 hobgoblins
  2 jackals (D:1)
  A quokka (D:1)
  4 ball pythons (D:4)
  A frilled lizard (D:1)
  4 kobolds
  3 rats
51 creatures vanquished.

Vanquished Creatures (others)
  6 fungi (D:4)
6 creatures vanquished.

Grand Total: 57 creatures vanquished

Notes
Turn   | Place    | Note
-------+----------+-------------------------------------------
     0 | D:1      | hbarley the Hill Orc Fighter began the quest for the Orb.
     0 | D:1      | Reached XP level 1. HP: 19/19 MP: 1/1
   108 | D:1      | Reached XP level 2. HP: 27/27 MP: 2/2
   655 | D:2      | Found a faded altar of an unknown god.
   764 | D:2      | Reached XP level 3. HP: 23/33 MP: 3/3
   916 | D:2      | Reached XP level 4. HP: 4/40 MP: 4/4
  1482 | D:3      | Found Lode's Magic Scroll Emporium.
  1482 | D:3      | Found Qamuz's Weapon Emporium.
  1803 | D:3      | Reached XP level 5. HP: 43/47 MP: 5/5
  1860 | D:3      | You fall into a shaft and drop 1 floor!
  1861 | D:4      | Found a burning altar of Makhleb.
  1995 | D:4      | Found the +3 woodcutter's axe {vorpal}
  1999 | D:4      | Found a basalt altar of Yredelemnul.
  2095 | D:4      | Found a radiant altar of Vehumet.
  2169 | D:4      | Found a blossoming altar of Fedhas.
  2228 | D:4      | Found a glowing golden altar of the Shining One.
  2244 | D:4      | Became a worshipper of the Shining One
  2248 | D:4      | Found Wuahextig's Antique Weapon Boutique.
  2357 | D:4      | Noticed a black bear
  2362 | D:4      | Reached skill level 5 in Axes
  2367 | D:4      | Killed a black bear
  2368 | D:4      | Reached skill level 5 in Fighting
  2368 | D:4      | Reached XP level 6. HP: 50/56 MP: 6/6
  2402 | D:4      | Noticed a steam dragon
  2420 | D:4      | Killed from afar by a steam dragon

Illustrated notes

Levels and vault maps discovered:
D:1:      minmay_arrival_stone_box, layout_loops_ring
D:2:      layout_rooms, hellmonk_ecumenical_altar_pennies_from_heaven,
          nicolae_grassy_gnolls
D:3:      layout_loops_ring, lemuel_coloured_pillars_altar, slow_altar_2,
          serial_shops, shop_fountains, nicolae_shop_bloodbath_and_beyond
D:4:      layout_cave_pods, mainiacjoe_overflow_24_doors,
          mainiacjoe_overflow_divided_tiny, mainiacjoe_overflow_cross_hatched,
          amcnicky_altar_gilded, serial_shops, nicolae_square_shop,
          minmay_manual_monstrance

Skill      XL: |  1  2  3  4  5 |
---------------+----------------+-----
Fighting       | 4 5 |  5.0
Axes           | 3 4 5 |  5.5
Armour         | 4 |  4.5
Dodging        | |  0.7
Stealth        | |  0.3
Shields        | |  3.9

Action                   |  1- 3 |  4- 6 || total
-------------------------+-------+-------++-------
Melee: War axe           |    53 |   100 ||   153
Armor: Scale mail        |    30 |    45 ||    75
Dodge: Dodged            |    19 |    49 ||    68
Block: Buckler           |     9 |    28 ||    37
